 Dungeon Crawl Stone Soup version bcrawl-1.21.3-1-g0d72ed7573 (webtiles) character file.

Game seed: 109178169068894261

410 funkygono the Shield-Bearer (level 6, 0/38 HPs)
             Began as a Gargoyle Fighter on Apr 12, 2020.
             Killed by divine providence
             ... invoked by an orc priest
              (16 damage)
             ... on level 3 of the Dungeon.
             The game lasted 00:07:54 (3307 turns).

funkygono the Shield-Bearer (Gargoyle Fighter)      Turns: 3307, Time: 00:07:54

Health: 0/38       AC: 12    Str: 21    XL:     6   Next: 89%
Magic:  6/6        EV:  8    Int:  9    God:
Gold:   124        SH: 10    Dex:  9    Spells: 5/5 levels left

rFire    . . .     SeeInvis .   a - +0 flail
rCold    . . .     Gourm    .   c - +1 medium shield
rNeg     + . .     Faith    .   b - +1 scale mail
rPois    ∞         Spirit   .   (no helmet)
rElec    +         Reflect  .   (no cloak)
rCorr    .         Harm     .   (no gloves)
MR       .....     Rnd*Tele +   f - +1 pair of boots
Stlth    ..........             (no amulet)
HPRegen  0.12/turn              s - -2 ring of protection (curse)
MPRegen  0.10/turn              v - ring of teleportation (curse)

@: no status effects
A: negative energy resistance 1, electricity resistance, unbreathing,
petrification resistance, rot immunity, AC +4
a: no special abilities


You were on level 3 of the Dungeon.
You were not hungry.

You visited 1 branch of the dungeon, and saw 3 of its levels.

You collected 124 gold pieces.

Inventory:

Hand Weapons
 a - a +0 flail (weapon)
Missiles
 g - 1071 stones (quivered)
 m - 319 arrows
 u - 143 bolts
Armour
 b - a +1 scale mail (worn)
 c - a +1 medium shield (worn)
 f - a +1 pair of boots (worn)
Jewellery
 s - a cursed -2 ring of protection (left hand)
 v - a cursed ring of teleportation (right hand)
Scrolls
 l - 3 scrolls of teleportation
 w - 3 scrolls of identify
Potions
 d - a potion of might
 h - a potion of ambrosia
 i - 2 potions of curing
 j - a potion of degeneration {unknown}
 n - a potion of brilliance {unknown}
 o - 2 potions of flight {unknown}
 p - a potion of heal wounds {unknown}
 q - a potion of mutation {unknown}
 r - 2 potions of resistance {unknown}
 t - a potion of lignification {unknown}
Comestibles
 e - 6 rations {!d}
 k - 2 chunks of flesh


   Skills:
 + Level 3.9 Fighting
 + Level 4.4 Maces & Flails
 + Level 4.6 Armour
 + Level 1.7 Dodging
 + Level 0.1 Stealth
 + Level 5.0 Shields


You had 5 spell levels left.
You didn't know any spells.
Your spell library was empty.

Dungeon Overview and Level Annotations

Branches:
Dungeon (3/12)

Altars:
Dithmenos
Fedhas
Qazlal
Beogh

Annotations:
D:3 ioannis32's ghost, amateur HuFi


Innate Abilities, Weirdness & Mutations

You are resistant to torment.
Your stone body is resilient. (AC +4)
You are immune to poison.
You resist negative energy. (rN+)
You are resistant to electric shocks. (rElec)
You can survive without breathing.
You are immune to petrification.
You are immune to rotting.


Message History

You barely miss ioannis32's ghost.
Ioannis32's ghost is heavily damaged.
Ioannis32's ghost hits you but does no damage.
You block ioannis32's ghost's attack.
You hit ioannis32's ghost.
Ioannis32's ghost is heavily damaged.
Ioannis32's ghost hits you.
You hit ioannis32's ghost.
Ioannis32's ghost is severely damaged.
Ioannis32's ghost hits you.
You sock ioannis32's ghost!
Ioannis32's ghost is severely damaged.
Ioannis32's ghost hits you.
Ioannis32's ghost completely misses you.
You sock ioannis32's ghost!
Ioannis32's ghost is almost destroyed.
Ioannis32's ghost closely misses you.
The orc priest calls down the wrath of Beogh upon you.
Beogh smites you!
You die...

.....####### #####
####.#8
...[_[....8#
#.#.............#
#.#.#8#..8..#8#.#
#.#.###..oo.###.#
#.#....#####....#
#.#.......o.....#
#.######'oo#######
#.8.......ooW@..8#
#.........########
###########


You could see an orc priest, ioannis32's ghost and 4 orcs.

Vanquished Creatures
  Sigmund (D:2)
  A crimson imp (D:2)
  A hound (D:3)
  An orc wizard (D:3)
  3 adders
  6 dart slugs
  8 worms
  5 leopard geckos
  6 orcs
  6 giant cockroaches
  5 goblins
  10 hobgoblins
  6 jackals
  8 kobolds
  5 quokkas
  2 ball pythons (D:2)
  6 bats
  7 frilled lizards
  6 rats
  A plant (D:2)
94 creatures vanquished.

Notes
Turn   | Place    | Note
-------+----------+-------------------------------------------
     0 | D:1      | funkygono the Gargoyle Fighter began the quest for the Orb.
     0 | D:1      | Reached XP level 1. HP: 14/14 MP: 1/1
   209 | D:1      | Reached XP level 2. HP: 15/19 MP: 2/2
   749 | D:1      | Reached XP level 3. HP: 23/23 MP: 3/3
  1123 | D:2      | Reached skill level 4 in Shields
  1136 | D:2      | Reached XP level 4. HP: 20/28 MP: 4/4
  1593 | D:2      | Noticed Sigmund
  1620 | D:2      | Killed Sigmund
  1620 | D:2      | Reached skill level 1 in Dodging
  1620 | D:2      | Reached XP level 5. HP: 17/33 MP: 5/5
  1620 | D:2      | Reached XP level 6. HP: 20/38 MP: 6/6
  1823 | D:2      | Found a blossoming altar of Fedhas.
  1833 | D:2      | Found a stormy altar of Qazlal.
  2050 | D:2      | Found a shadowy altar of Dithmenos.
  2948 | D:3      | Reached skill level 5 in Shields
  3270 | D:3      | Found a runed translucent gate.
  3271 | D:3      | Found a runed translucent gate.
  3271 | D:3      | Noticed ioannis32's ghost (amateur HuFi)
  3272 | D:3      | Found a runed translucent gate.
  3278 | D:3      | Found a roughly hewn altar of Beogh.
  3307 | D:3      | Killed from afar by an orc priest

Skill      XL: |  1  2  3  4  5  6 |
---------------+-------------------+-----
Shields        | 4 5 |  5.0
Maces & Flails | 4 |  4.4
Armour         | 4 |  4.6
Dodging        | 1 |  1.7
Fighting       | |  3.9
Stealth        | |  0.1

Action                   |  1- 3 |  4- 6 || total
-------------------------+-------+-------++-------
Melee: Flail             |   140 |   352 ||   492
  Use: Scroll            |     6 |     2 ||     8
  Eat: Chunk             |     1 |     8 ||     9
Armor: Scale mail        |    86 |   145 ||   231
Dodge: Dodged            |    48 |    79 ||   127
Block: Medium shield     |   106 |   161 ||   267
